 Dungeon Crawl Stone Soup version 0.28.0-53-g5a82cb258f (webtiles) character file.

Game seed: 10076571986115777562

4 xXBigHaxxorXx the Skirmisher (level 1, 0/20 HPs)
             Began as a Minotaur Berserker on Aug 8, 2022.
             Was a Follower of Trog.
             Slain by a jackal (2 damage)
             ... on level 1 of the Dungeon.
             The game lasted 00:02:15 (138 turns).

xXBigHaxxorXx the Skirmisher (Minotaur Berserker)    Turns: 138, Time: 00:02:16

Health: 0/20       AC:  2    Str: 21    XL:     1   Next: 58%
Magic:  0/0        EV: 12    Int:  4    God:    Trog [*.....]
Gold:   0          SH:  0    Dex:  9    Spells: 0/0 levels left

rFire   . . .      SeeInvis .   a - +0 mace
rCold   . . .      Faith    .   (no shield)
rNeg    . . .      Spirit   .   b - +0 animal skin
rPois   .          Reflect  .   (helmet restricted)
rElec   .          Harm     .   (no cloak)
rCorr   .          Rampage  .   (no gloves)
Will    .....                   (no boots)
Stlth   +.........              (no amulet)
HPRegen 0.06/turn               (no ring)
MPRegen 0.07/turn               (no ring)

@: no status effects
A: horns 2, retaliatory headbutt
a: Renounce Religion, Berserk


You were on level 1 of the Dungeon.
You worshipped Trog.
Trog was aware of your devotion.
You visited 1 branch of the dungeon, and saw 1 of its levels.

Inventory:

Hand Weapons
 a - a +0 mace (weapon)
Missiles
 c - 27 arrows
Armour
 b - a +0 animal skin (worn)


   Skills:
 + Level 3.8 Fighting
 + Level 3.7 Maces & Flails
 + Level 2.5 Armour
 + Level 2.2 Dodging


You couldn't memorise any spells.
You didn't know any spells.
Your spell library was empty.

Dungeon Overview and Level Annotations

Branches:
Dungeon (1/15)

Altars:


Innate Abilities, Weirdness & Mutations

You have a pair of horns on your head.
You reflexively headbutt those who attack you in melee.


Message History

The jackal bites you.
You hit the jackal.
The jackal is heavily wounded.
The jackal bites you. x2; The jackal misses you.
You furiously retaliate!
You headbutt the jackal, but do no damage.
You closely miss the jackal.
The jackal is heavily wounded.
The jackal barely misses you. The jackal closely misses you.
The jackal barely misses you.
You hit the jackal.
The jackal is almost dead.
The jackal bites you. x2; The jackal barely misses you. x2
You hit the jackal but do no damage.
The jackal is almost dead.
The jackal bites you but does no damage.
The jackal barely misses you.
The jackal bites you but does no damage.
You are too injured to fight recklessly!
You barely miss the jackal. The jackal bites you.
* * * LOW HITPOINT WARNING * * *
The jackal barely misses you. The jackal closely misses you.
You furiously retaliate!
You headbutt the jackal, but do no damage.
You closely miss the jackal. Your headbutt misses the jackal.
The jackal is almost dead.
The jackal bites you.
* * * LOW HITPOINT WARNING * * *
The jackal bites you but does no damage.
The jackal bites you.
* * * LOW HITPOINT WARNING * * *
The jackal barely misses you.
A goblin comes into view. It is wielding a +0 club.
The goblin shouts!
You hear a shout!
Found 4 poisoned darts.
The jackal misses you. The jackal closely misses you.
A hobgoblin comes into view.
The jackal bites you but does no damage.
The jackal closely misses you. The jackal bites you.
You die...

#. ............########
#.###########..........
#.#......# #..........
#.#.####.# #..........
#.#.#.<#.# #..........
#.#....#.####..........
#.######.##...(.......(
##........##h....##.....
#..######..@h..g.# .....
#..######........# ....
#(.........#†....# ..g.
###.########.....# #.#
#.....# #.# #..)..# #.#
#.....# #.. .........#
### .....#####


You could see 2 jackals and a goblin.

Vanquished Creatures
  2 jackals (D:1)
  2 ball pythons (D:1)
  A bat (D:1)
5 creatures vanquished.

Notes
Turn   | Place    | Note
-------+----------+-------------------------------------------
     0 | D:1      | xXBigHaxxorXx the Minotaur Berserker began the quest for
                  | the Orb.
     0 | D:1      | Reached XP level 1. HP: 19/19 MP: 0/0
   131 | D:1      | HP: 1/20 [jackal (2)]
   138 | D:1      | Slain by a jackal

Illustrated notes

Levels and vault maps discovered:
D:1:      zelgadis_glass_arrival_small, layout_basic,
          dilly_ecumenical_altar_fadedgnrine, chequers_serial_rivers_micro_d,
          roderic_st_hans_cross

Action                   || total
-------------------------++-------
Melee: Mace              ||    12
Armor: Animal skin       ||     4
Dodge: Dodged            ||    16
